Map: Torres Crepusculares

Players

Erik

  • Race: Zerg Zerg
  • League: Grandmaster

Light (SpeCial) - Winner!

  • Race: Terran Terran
  • League: Master

Event: Copa America 2016 Season 1

VOD

Have the link to the VOD?

Description

Time

  • Played on: Feb. 17, 2016, 5:15 p.m.
  • Length: 14:01

All games in this series

Show
View Real Time Build Order
Export as new Build Order

Erik Zerg 

Build Orders: Hatch First 

Get SALT Encoding   

  12  0:01  Drone  
  13  0:12  Overlord  
  13  0:17  Drone  
  14  0:31  Drone x2  
  16  0:49  Hatchery  
  15  0:51  Drone  
  15  0:55  Drone  
  17  0:58  Drone  
  17  1:02  Extractor  
  17  1:14  Spawning Pool  
  17  1:17  Drone  
  17  1:20  Drone  
  18  1:28  Drone  
  19  1:39  Overlord  
  19  2:01  Queen  
  19  2:02  Queen  
  19  2:03  Metabolic Boost  
  19  2:04  Zergling x4  
  19  2:07  Drone  
  26  2:12  Drone  
  26  2:13  Drone  
  29  2:22  Drone  
  29  2:33  Overlord  
  29  2:37  Drone x2  
  30  2:40  Queen  
  32  2:45  Overlord  
  32  2:49  Queen  
  34  2:51  Drone  
  35  3:00  Drone x2  
  35  3:05  Drone  
  38  3:06  Drone  
  38  3:11  Drone x3  
  42  3:14  Drone  
  42  3:16  Drone x2  
  42  3:19  Drone x2  
  47  3:31  Hatchery  
  46  3:38  Drone, Roach Warren  
  46  3:39  Drone, Extractor x2  
  45  3:45  Lair  
  45  3:49  Overlord  
  45  3:50  Drone  
  45  3:51  Drone  
  45  3:53  Drone  
  45  3:55  Drone  
  49  3:59  Drone x2  
  51  4:07  Drone x2, Extractor  
  52  4:16  Overlord  
  52  4:20  Roach x3  
  52  4:24  Overlord  
  58  4:43  Overseer  
  57  4:47  Roach x3  
  57  4:49  Zergling x4  
  57  4:50  Zergling x6  
  62  5:00  Drone x2  
  62  5:01  Drone  
  62  5:02  Drone x2  
  62  5:06  Queen  
  69  5:10  Drone x3  
  69  5:12  Infestation Pit  
  71  5:16  Drone x2  
  71  5:17  Drone  
  74  5:27  Ravager x2  
  74  5:28  Ravager  
  76  5:31  Drone x2  
  76  5:35  Evolution Chamber x2  
  75  5:52  Drone x7  
  75  5:57  Overlord  
  82  6:03  Overlord  
  82  6:06  Zerg Ground Armor Level 1  
  82  6:08  Zerg Melee Weapons Level 1  
  82  6:13  Overlord  
  82  6:16  Drone  
  82  6:17  Drone  
  82  6:18  Drone, Spore Crawler  
  84  6:23  Hive  
  84  6:29  Infestor x2  
  87  6:33  Drone x2  
  87  6:34  Drone x2  
  87  6:35  Drone  
  87  6:39  Overlord  
  92  6:42  Ravager  
  92  6:45  Zergling x8  
  97  6:48  Overlord  
  97  6:52  Overlord  
  97  6:54  Extractor  
  97  6:56  Overlord, Extractor  
  97  7:00  Zergling x10  
  97  7:01  Zergling x4  
  102  7:06  Drone  
  102  7:07  Drone  
  104  7:13  Spore Crawler  
  104  7:15  Drone x3  
  106  7:23  Overlord  
  102  7:35  Overlord, Drone x2  
  102  7:41  Zergling x14  
  102  7:42  Zergling x8  
  113  7:49  Drone x2  
  113  7:50  Drone  
  113  7:51  Ultralisk Cavern  
  115  7:52  Drone  
  116  7:59  Adrenal Glands  
  116  8:00  Overlord  
  116  8:03  Roach x3  
  116  8:15  Roach  
  116  8:17  Zergling x10  
  123  8:27  Zerg Melee Weapons Level 2, Zerg Ground Armor Level 2  
  123  8:28  Overlord  
  123  8:35  Queen  
  123  8:37  Chitinous Plating  
  123  8:40  Overlord, Hatchery  
  124  8:41  Spore Crawler  
  124  8:42  Ultralisk x2  
  134  8:59  Ultralisk x2  
  147  9:04  Ultralisk  
  147  9:07  Pneumatized Carapace  
  152  9:14  Zergling x20  
  152  9:15  Zergling x6  
  165  9:23  Overlord  
  165  9:26  Overlord  
  161  9:33  Overlord  
  144  9:48  Ultralisk  
  144  9:49  Ultralisk x2  
  162  10:05  Hatchery  
  157  10:16  Infestor  
  157  10:17  Infestor  
  157  10:18  Zergling x2  
  157  10:19  Zergling x22  
  173  10:28  Viper  
  173  10:31  Drone x3  
  179  10:42  Overlord  
  180  10:59  Hatchery  
  179  11:07  Ravager x4  
  179  11:08  Ultralisk x2  
  195  11:14  Zergling x2  
  195  11:15  Zergling x6  
  195  11:38  Baneling Nest  
  194  11:52  Zergling x6  
  194  11:53  Zergling x6  
  122  12:21  Ultralisk x3  
  131  12:24  Zergling x24  
  131  12:25  Zergling x28  
  126  12:41  Spawning Pool  
  126  12:42  Ultralisk Cavern  
  93  12:56  Drone x12  
  86  13:29  Roach  
  86  13:30  Roach x6  
Show
View Real Time Build Order
Export as new Build Order

Light Terran - Winner!

Build Orders: Liberator Opening, Reaper Expand, Bio Tank 

Get SALT Encoding   

  12  0:01  SCV  
  13  0:13  SCV  
  14  0:17  Supply Depot  
  14  0:25  SCV  
  15  0:39  SCV  
  15  0:40  Barracks  
  16  0:43  Refinery  
  16  0:51  SCV  
  17  1:03  SCV  
  18  1:15  SCV  
  19  1:28  Reaper, Orbital Command  
  20  1:39  Command Center  
  20  1:50  Supply Depot  
  20  1:54  SCV  
  20  2:00  Marine  
  22  2:05  Factory  
  22  2:07  SCV  
  23  2:16  Refinery  
  23  2:19  SCV  
  24  2:23  Barracks Reactor  
  24  2:31  SCV  
  25  2:43  SCV  
  26  2:52  Orbital Command  
  26  2:53  Starport  
  26  2:55  SCV  
  27  3:06  Hellion  
  27  3:07  SCV, Hellion, Marine  
  33  3:18  SCV  
  33  3:19  SCV  
  34  3:23  Supply Depot  
  34  3:25  Marine  
  35  3:27  Widow Mine x2  
  35  3:30  SCV, Medivac  
  35  3:31  SCV  
  43  3:42  SCV  
  43  3:43  SCV  
  43  3:47  Command Center  
  45  3:52  Barracks Tech Lab  
  45  3:54  Liberator  
  45  3:56  Hellion x2  
  45  3:58  SCV  
  45  4:00  SCV  
  51  4:03  Supply Depot  
  54  4:22  Stimpack  
  54  4:24  SCV x2  
  54  4:26  Supply Depot  
  56  4:33  Barracks  
  56  4:35  Barracks  
  56  4:36  SCV x2  
  56  4:38  Marine  
  58  4:42  Factory Reactor  
  58  4:49  SCV x2  
  58  4:56  Starport Reactor, Marine  
  58  4:58  Engineering Bay  
  57  5:00  Engineering Bay  
  57  5:02  SCV x2  
  57  5:04  Orbital Command  
  55  5:09  Refinery x2  
  55  5:13  Barracks, Marine  
  56  5:16  Barracks  
  56  5:20  SCV  
  56  5:21  Marine x2  
  59  5:25  Orbital Command  
  51  5:29  Factory Tech Lab  
  51  5:33  Marine x2  
  51  5:34  Marine  
  54  5:37  SCV x2  
  56  5:43  Terran Infantry Weapons Level 1, Terran Infantry Armor Level 1  
  56  5:44  Marine x2  
  56  5:47  Medivac x2  
  59  5:50  SCV x2  
  59  5:51  SCV, Marine  
  59  5:52  Marine x2  
  65  5:58  Supply Depot  
  65  6:00  Supply Depot  
  65  6:01  Barracks Reactor, Marine  
  65  6:02  Barracks Reactor  
  65  6:03  Siege Tank  
  69  6:06  SCV  
  69  6:07  SCV  
  69  6:08  SCV  
  72  6:12  Marine x3  
  75  6:19  SCV  
  75  6:21  Medivac  
  75  6:22  Supply Depot  
  75  6:23  Supply Depot, Medivac  
  75  6:25  SCV x2  
  82  6:28  Marine x2  
  82  6:30  Combat Shields, Marine  
  82  6:31  SCV  
  86  6:37  SCV x2  
  88  6:41  Marine x4  
  88  6:42  Marine x2  
  88  6:43  SCV  
  95  6:49  SCV x2  
  95  6:50  Siege Tank  
  95  6:52  Refinery  
  95  6:53  Refinery  
  100  6:55  SCV  
  100  6:56  Marine x2  
  100  6:57  Armory  
  100  7:00  Supply Depot  
  104  7:01  SCV x2  
  104  7:02  Supply Depot  
  104  7:04  Marine  
  104  7:05  Marine x2  
  104  7:07  SCV  
  109  7:11  Marine x4  
  109  7:13  Marine  
  109  7:14  SCV x2, Marine  
  117  7:21  SCV  
  117  7:22  Siege Tank  
  121  7:23  Supply Depot  
  121  7:24  Marine x3  
  121  7:25  Supply Depot  
  121  7:27  Medivac  
  124  7:36  Marine x2  
  124  7:37  Marine x2  
  122  7:38  Medivac  
  122  7:43  Marine  
  122  7:44  Marine x3  
  129  7:46  Marauder  
  129  7:47  Terran Infantry Weapons Level 2  
  129  7:49  Terran Infantry Armor Level 2  
  129  7:50  Supply Depot  
  133  7:55  Siege Tank  
  133  7:57  Liberator  
  133  7:58  Liberator  
  136  8:02  Command Center  
  136  8:05  Marine x2  
  136  8:06  Marine x2  
  136  8:07  Marauder, Marine  
  136  8:12  Marine x2  
  149  8:23  Marine x3  
  149  8:24  Marine  
  152  8:27  Supply Depot  
  152  8:28  Supply Depot  
  152  8:29  Marauder, Siege Tank  
  157  8:39  Starport  
  157  8:40  Liberator x2  
  157  8:48  Marine x5  
  157  8:49  Supply Depot  
  157  8:50  Supply Depot, Marauder  
  165  9:04  Marine x3  
  168  9:11  Terran Vehicle Weapons Level 1  
  168  9:12  Marauder  
  170  9:18  Starport Reactor  
  170  9:20  Siege Tank  
  173  9:27  Marine x2  
  173  9:28  Liberator x2, Marine x3  
  173  9:30  Marine  
  179  9:32  Marine x2  
  179  9:33  Marauder  
  173  9:38  Liberator  
  173  9:39  Liberator  
  152  9:47  Marine x5  
  152  9:48  Marine  
  152  9:52  Siege Tank  
  142  9:54  Marauder, Barracks x2  
  142  9:56  Barracks, Ghost Academy  
  142  9:59  Marine  
  151  10:13  Refinery, Planetary Fortress, Liberator  
  148  10:16  Marauder  
  150  10:22  Refinery, Marine x6  
  150  10:23  Liberator  
  150  10:24  Marine x2  
  150  10:28  Medivac  
  156  10:35  Siege Tank  
  164  10:37  Marauder  
  164  10:38  Liberator  
  164  10:40  Marine  
  170  10:43  Barracks Tech Lab  
  169  10:52  Barracks Tech Lab  
  164  10:58  Ghost  
  164  10:59  Barracks Tech Lab  
  164  11:00  Marine  
  164  11:02  Liberator  
  167  11:09  Ghost  
  167  11:10  Ghost, Liberator  
  167  11:11  Command Center  
  171  11:20  Liberator  
  173  11:26  Ghost  
  177  11:39  Ghost  
  180  11:45  Ghost  
  184  11:51  Ghost, Liberator x2  
  185  11:55  Ghost  
  156  12:16  Marine x2  
  156  12:17  Marauder  
  156  12:19  Liberator x2  
  156  12:28  Marauder, Marine x2  
  155  12:30  Marine x2  
  155  12:31  Marauder, Marine x2  
  147  12:53  Marauder, Marine x2  
  147  12:56  SCV x2  
  147  12:57  Marauder, Marine  
  140  13:01  Marine  
  140  13:02  Marauder, Marine  
  144  13:06  Orbital Command  
  144  13:08  SCV x2  
  144  13:10  Ghost, Marine x2  
  144  13:11  Marine  
  151  13:15  Command Center  
  151  13:20  SCV x2  
  151  13:22  Marauder, Marine x2  
  151  13:25  Refinery  
  151  13:26  Marine x2  
  161  13:27  Marauder  
  161  13:30  Marine x2  
  161  13:31  Marauder  
  161  13:32  SCV  
  163  13:34  Marine x2  
  163  13:39  Marauder  
Tags
 
Add a new tag
Caveats
  • Supply blocks, unpowered buildings, or Contaminate may cause inaccurate times.
  • Supply counts are checked every 10 seconds.